 Dungeon Crawl Stone Soup version 0.29.1-4-g47bece8355 (webtiles) character file.

Game seed: 14320924225032708714

2 concernfroge the Trooper (level 1, -1/18 HPs)
             Began as a Mummy Monk on Dec 4, 2022.
             Slain by an orc
             ... wielding a +0 mace
              (7 damage)
             ... on level 2 of the Dungeon.
             The game lasted 00:00:30 (86 turns).

concernfroge the Trooper (Mummy Monk)                 Turns: 86, Time: 00:00:31

Health: -1/18      AC:  2    Str: 14    XL:     1   Next: 33%
Magic:  1/1        EV: 12    Int:  9    God:
Gold:   0          SH:  0    Dex: 14    Spells: 0/0 levels left

rFire   x . .      SeeInvis .   a - +0 spear
rCold   + . .      Faith    .   (no shield)
rNeg    + + +      Spirit   .   b - +0 robe
rPois   ∞          Reflect  .   (no helmet)
rElec   .          Harm     .   (no cloak)
rCorr   .          Rampage  .   (no gloves)
Will    .....                   (no boots)
Stlth   ++........              (no amulet)
HPRegen 0.06/turn               (no ring)
MPRegen 0.07/turn               (no ring)

@: no status effects
A: cold resistance 1, negative energy resistance 3, torment resistance 2, heat
vulnerability 1, no potions
a: no special abilities


You were on level 2 of the Dungeon.
You visited 1 branch of the dungeon, and saw 2 of its levels.

Inventory:

Hand Weapons
 a - a +0 spear (weapon)
Armour
 b - a +0 robe (worn)


   Skills:
 + Level 3.2 Fighting
 - Level 2.4 Polearms
 - Level 2.4 Dodging
 - Level 1.5 Stealth


You couldn't memorise any spells.
You didn't know any spells.
Your spell library was empty.

Dungeon Overview and Level Annotations

Branches:
Dungeon (1/15)

Altars:

Annotations:
D:2 1 runed translucent door, Crazy Yiuf


Innate Abilities, Weirdness & Mutations

You are immune to poison.
Your flesh is cold resistant. (rC+)
You are immune to negative energy. (rN+++)
You are immune to unholy pain and torment.
You are vulnerable to heat. (rF-)
You do not drink.


Message History

Welcome, concernfroge the Mummy Monk.
Everyone else who sought the Orb of Zot has failed.
Will you be different?
Press ? for a list of commands and other information.
Found a ring mail.
Found a staircase leading out of the dungeon.
You open the door.
There is an open door here.
You open the door.
A frilled lizard and a bat come into view.
A sourceless malevolence fills the Dungeon...
You fall into a shaft and drop 1 floor!
The shaft crumbles and collapses.
Found a hammer.
Found a runed translucent door.
A giant cockroach comes into view.
Found a stone staircase leading down.
A hobgoblin comes into view.
The hobgoblin shouts!
You hit the giant cockroach.
You kill the giant cockroach!
You hit the hobgoblin but do no damage. The hobgoblin hits you.
You hit the hobgoblin but do no damage. You hit the hobgoblin.
The hobgoblin is moderately wounded.
The hobgoblin hits you but does no damage.
You hit the hobgoblin but do no damage.
The hobgoblin is lightly wounded.
The hobgoblin hits you.
You hit the hobgoblin.
You kill the hobgoblin!
No target in view!
No target in view!
HP restored.
An orc comes into view. It is wielding a +0 mace.
Found an ancient mace.
You barely miss the orc. The orc hits you with a +0 mace.
You closely miss the orc. The orc closely misses you.
You closely miss the orc. The orc hits you but does no damage.
You closely miss the orc. The orc hits you with a +0 mace!
You closely miss the orc. The orc hits you with a +0 mace!
You die...

♣♣ ### .♣♣ ♣♣#..)#
....# ..♣♣♣♣.+...#
..).# ...♣..♣#...#
.....# ..♣.♣♣♣ ###
#####.....# ♣♣♣♣♣
#...#.....#
#.......... #
#########...o.....#
##
#..........@#.....
.###
###......>.........
...#
#........######.#
##.#####...†....#
#..............#
####...........#
#....########
#....# #....#


You could see an orc.

Vanquished Creatures
  A giant cockroach (D:2)
  A hobgoblin (D:2)
2 creatures vanquished.

Notes
Turn   | Place    | Note
-------+----------+-------------------------------------------
     0 | D:1      | concernfroge the Mummy Monk began the quest for the Orb.
     0 | D:1      | Reached XP level 1. HP: 18/18 MP: 1/1
     8 | D:1      | You fall into a shaft and drop 1 floor!
     8 | D:2      | Found a runed translucent door.
     9 | D:2      | Noticed Crazy Yiuf
    86 | D:2      | Slain by an orc

Illustrated notes

Levels and vault maps discovered:
D:1:      elethiomel_arrival_infinity_welcomes_careful_drivers, layout_rooms,
          serial_shops, shop, basic_ecumenical_altar, lexackson_kobold_supper
D:2:      layout_basic, basic_altar, uniq_crazy_yiuf_cottage

Action                   || total
-------------------------++-------
Melee: Spear             ||    11
Armor: Robe              ||     2
Dodge: Dodged            ||     1
